 Dungeon Crawl Stone Soup version 0.26-a0-30-g56b8cd3df0 (webtiles) character file.

Game seed: 3598060468420001942, levelgen mode: deterministic

3733 vurker the Destroyer (level 9, -2/75 HPs)
             Began as a Demigod Wizard on June 3, 2020.
             Slain by Joseph
             ... wielding a +0 quarterstaff
              (29 damage)
             ... on level 8 of the Dungeon.
             The game lasted 00:18:12 (12359 turns).

vurker the Destroyer (Demigod Wizard)              Turns: 12359, Time: 00:18:13

Health: -2/75      AC:  3    Str: 10    XL:     9   Next: 61%
Magic:  25/25      EV: 12    Int: 28    God:
Gold:   240        SH:  5    Dex: 14    Spells: 19/24 levels left

rFire    + . .     SeeInvis .   J - +4 quarterstaff (chaos)
rCold    + + .     Gourm    .   (shield currently unavailable)
rNeg     + . .     Faith    .   j - +2 robe {rN+}
rPois    .         Spirit   .   F - +2 helmet
rElec    .         Reflect  +   y - scarf {rC+ rF+}
rCorr    .         Harm     .   (no gloves)
MR       .....                  (no boots)
Stlth    +++.......             m - amulet of reflection
HPRegen  0.22/turn              n - ring of protection from cold
MPRegen  0.19/turn              H - ring of stealth

@: corroded
A: high mp 1
a: no special abilities


You were on level 8 of the Dungeon.
You were not hungry.

You visited 1 branch of the dungeon, and saw 8 of its levels.

You collected 391 gold pieces.
You spent 151 gold pieces at shops.

Inventory:

Hand Weapons
 r - a +2 dagger of venom
   (You took it off an orc on level 2 of the Dungeon)
 J - a +4 quarterstaff of chaos (weapon)
   (You took it off Crazy Yiuf on level 7 of the Dungeon)
Missiles
 p - 9 poisoned darts (quivered)
 E - a throwing net
Armour
 b - a +0 hat
 j - a +2 robe of positive energy (worn)
   (You took it off a gnoll on level 3 of the Dungeon)
 y - a scarf of resistance (worn)
   (You found it on level 3 of the Dungeon)
 F - a +2 helmet (worn)
   (You found it on level 6 of the Dungeon)
Magical Staves
 D - an uncursed staff of poison
   (You found it on level 4 of the Dungeon)
Jewellery
 k - an uncursed ring of resist corrosion
   (You found it on level 5 of the Dungeon)
 m - an amulet of reflection (around neck)
   (You found it on level 3 of the Dungeon)
 n - a ring of protection from cold (left hand)
   (You found it on level 1 of the Dungeon)
 H - a ring of stealth (right hand)
   (You found it on level 7 of the Dungeon)
Wands
 a - a wand of enslavement (8)
   (You found it on level 5 of the Dungeon)
 v - a wand of digging (6)
   (You found it on level 4 of the Dungeon)
Scrolls
 c - a scroll of fear {unknown}
 d - 6 scrolls of teleportation
 f - 3 scrolls of magic mapping
 g - 2 scrolls of fog
 h - a scroll of blinking
 i - 4 scrolls of remove curse
 o - 3 scrolls of enchant weapon
 s - 2 scrolls of amnesia {unknown}
 u - a scroll of noise {unknown}
 B - a scroll of enchant armour {unknown}
 C - 3 scrolls of immolation {unknown}
Potions
 l - 2 potions of brilliance
 q - 3 potions of flight
 t - a potion of lignification
 w - 2 potions of haste
 z - 3 potions of invisibility
 A - 4 potions of curing
 G - 2 potions of ambrosia {unknown}
Comestibles
 e - 11 rations
 I - 9 chunks of flesh


   Skills:
 + Level 5.6 Fighting
 - Level 1.7 Dodging
 - Level 1.7 Stealth
 * Level 8.1 Spellcasting
 * Level 8.3 Conjurations
 - Level 0.8 Summonings
 - Level 0.8 Translocations


You had 19 spell levels left.
You knew the following spells:

 Your Spells              Type           Power        Failure   Level  Hunger
a - Magic Dart            Conj           ####         1%          1    None
b - Call Imp              Summ           ###.....     5%          2    None
w - Blink                 Tloc           N/A          5%          2    None

Your spell library contained the following spells:

 Spells                   Type           Power        Failure   Level  Hunger
 Conjure Flame            Conj/Fire      ####....     2%          3    None
 Sting                    Tmut/Pois      ##..         4%          1    None
 Mephitic Cloud           Conj/Pois/Air  ####....     4%          3    None
 Poisonous Vapours        Pois/Air       ##....       8%          2    None
 Slow                     Hex            ##......     8%          2    None
 Ignite Poison            Fire/Tmut/Pois ##......     14%         3    None
 Olgreb's Toxic Radiance  Pois           ##......     43%         4    ##.....


Dungeon Overview and Level Annotations

Branches:
Dungeon (8/15)             Temple (0/1) D:7
   Lair: D:8-11

Shops:
D:5 !*??=   D:6 %

Annotations:
D:8 Joseph


Innate Abilities, Weirdness & Mutations

You have an increased reservoir of magic. (+10% MP)


Message History

Joseph unwields a +0 quarterstaff.
Joseph wields a +0 hunting sling.
Joseph shoots a sling bullet.
The sling bullet completely misses your crimson imp.
The sling bullet hits you!
* * * LOW HITPOINT WARNING * * *
x - a potion of heal wounds
Things that are here:
a +3 dagger of chaos; a +0 robe; the human corpse of Psyche Unknown command.
You feel much better.
You swap places.
Joseph unwields a +0 hunting sling.
Joseph wields a +0 quarterstaff.
Joseph hits you with a +0 quarterstaff!
Your crimson imp blinks!
You see here a sling bullet.
You sock Joseph! Joseph misses you.
You hit Joseph. You burn Joseph. You block Joseph's attack.
Joseph drinks a potion.
Joseph seems to grow stronger.
You hit Joseph.
Nothing appears to happen.
You are no longer corroded.
Joseph zaps a wand.
The bolt of acid hits you!
* * * LOW HITPOINT WARNING * * *
The acid corrodes you!
You are splashed with acid!
* * * LOW HITPOINT WARNING * * *
Unknown command.
Unknown command.
Unknown command.
Unknown command.
You don't have any such object.
Okay, then.
You sock Joseph!
Joseph zaps a wand.
The bolt of acid misses you.
Your crimson imp hits Joseph but does no damage.
Unknown command.
Unknown command.
You hit Joseph.
Joseph appears confused.
You swap places.
You block Joseph's attack.
You barely miss Joseph.
Joseph suddenly looks very angry at the Dungeon.
Your crimson imp blinks!
Joseph closely misses you.
You are too injured to fight recklessly!
You are too injured to fight recklessly!
You are too injured to fight recklessly!
You hit Joseph.
Space warps horribly around Joseph!
You block Joseph's attack.
You strike the helpless Joseph from behind!
You sock Joseph!
Joseph appears confused.
Joseph hits you with a +0 quarterstaff!!
You die...

#....##.#.......
................
#####.###.......#
#...........#
####..#'##### #####
#........# #...#
#........#
##.##.#@####........#
.......@...)5.......#
........###(...(....#
........# #)..##..###
........# #...# ...#
........# #...# ....
........# #...# ..
#######.. ....# #..
....# ....#


You could see Joseph (strong, confused) and a friendly crimson imp (summoned).

Vanquished Creatures
  Psyche (D:8)
  A hippogriff (D:7)
  3 orc warriors
  2 black bears
  A phantom (D:6)
  5 sky beasts
  An ogre (D:7)
  2 centaurs (D:7)
  A bullfrog (D:6)
  A wyvern skeleton (D:6)
  2 scorpions
  12 wights
  A howler monkey (D:8)
  3 crimson imps
  2 hounds
  A jelly (D:7)
  A bullfrog skeleton (D:5)
  An orc priest (D:3)
  8 orc wizards
  2 iguanas
  3 worker ants
  A hound zombie (D:8)
  2 hound skeletons (D:7)
  A worker ant zombie (D:6)
  3 gnolls
  8 adders
  A shadow imp (D:8)
  2 adder skeletons
  An adder zombie (D:5)
  3 worms
  3 dart slugs
  2 leopard geckos
  21 orcs
  A giant cockroach (D:4)
  6 goblins
  7 hobgoblins
  A jackal (D:5)
  5 kobolds
  4 quokkas
  3 ball pythons
  6 bats
  2 frilled lizards (D:1)
  A leopard gecko skeleton (D:6)
  4 rats
142 creatures vanquished.

Vanquished Creatures (collateral kills)
  Menkaure (D:7)
  An orc warrior (D:7)
  3 ogres
  A bullfrog zombie (D:5)
  A centaur skeleton (D:3)
  Crazy Yiuf (D:7)
  A hound (D:6)
  A gnoll (D:2)
  2 adders
  2 worms
  A leopard gecko (D:8)
  5 orcs
  2 jackals (D:4)
  A quokka (D:4)
23 creatures vanquished.

Vanquished Creatures (others)
  8 plants (D:8)
8 creatures vanquished.

Grand Total: 173 creatures vanquished

Notes
Turn   | Place    | Note
-------+----------+-------------------------------------------
     0 | D:1      | vurker the Demigod Wizard began the quest for the Orb.
     0 | D:1      | Reached XP level 1. HP: 14/14 MP: 6/6
     2 | D:1      | Noticed a ghoul
     2 | D:1      | Noticed a vampire
     4 | D:1      | Noticed a tengu
     4 | D:1      | Noticed an octopode
     6 | D:1      | Noticed a formicid
     6 | D:1      | Noticed a minotaur
     8 | D:1      | Noticed a merfolk
     8 | D:1      | Noticed an elf
    10 | D:1      | Noticed an ogre
    10 | D:1      | Noticed a gargoyle
    12 | D:1      | Noticed a spriggan
    14 | D:1      | Noticed a human
    16 | D:1      | Noticed a halfling
    18 | D:1      | Noticed a demonspawn
    18 | D:1      | Noticed a troll
    20 | D:1      | Noticed a draconian
    20 | D:1      | Noticed a vine stalker
    22 | D:1      | Noticed a naga
    22 | D:1      | Noticed a demigod
    24 | D:1      | Noticed a centaur
    26 | D:1      | Noticed a felid
    26 | D:1      | Noticed a dwarf
    35 | D:1      | Reached skill level 1 in Conjurations
   606 | D:1      | Reached XP level 2. HP: 22/22 MP: 5/8
   657 | D:1      | Learned a level 2 spell: Call Imp
   660 | D:1      | Learned a level 2 spell: Blink
  1756 | D:2      | Reached XP level 3. HP: 27/27 MP: 7/10
  1815 | D:2      | Reached skill level 1 in Fighting
  3131 | D:3      | Reached XP level 4. HP: 6/35 MP: 6/12
  3695 | D:3      | Found a shattered altar of Ashenzari.
  3747 | D:3      | Reached XP level 5. HP: 33/41 MP: 2/13
  4516 | D:4      | Reached XP level 6. HP: 42/48 MP: 8/15
  5413 | D:5      | Entered Level 5 of the Dungeon
  5594 | D:5      | Found Ytwyulex's Magic Scroll Emporium.
  5597 | D:5      | Bought a scroll of blinking for 82 gold pieces
  5597 | D:5      | Bought a scroll of identify for 22 gold pieces
  5597 | D:5      | Bought a scroll of fog for 22 gold pieces
  5629 | D:5      | Found Dycyhank's Assorted Antiques.
  5632 | D:5      | Bought a bubbling blue potion for 25 gold pieces
  5790 | D:5      | Found Unyfec's Distillery.
  6084 | D:5      | Reached XP level 7. HP: 56/56 MP: 10/17
  6169 | D:5      | Found Hankuv's Jewellery Shoppe.
  6450 | D:5      | Found Zeme's Magic Scroll Shoppe.
  6729 | D:5      | Reached skill level 5 in Spellcasting
  7110 | D:6      | Reached skill level 5 in Conjurations
  7592 | D:6      | Reached XP level 8. HP: 66/66 MP: 12/20
  8006 | D:6      | Found Motahet's Food Emporium.
  8990 | D:7      | Found a runed translucent door.
  8991 | D:7      | Noticed Crazy Yiuf
  9945 | D:7      | Noticed a hippogriff
  9957 | D:7      | Killed a hippogriff
 10053 | D:7      | Reached XP level 9. HP: 41/73 MP: 16/23
 10626 | D:7      | Found a staircase to the Ecumenical Temple.
 10719 | D:7      | Found an opulent altar of Gozag.
 10785 | D:7      | Noticed Menkaure
 10792 | D:7      | Killed Menkaure
 10792 | D:7      | Reached skill level 5 in Fighting
 10943 | D:7      | Killed Crazy Yiuf
 12335 | D:8      | Noticed Joseph
 12339 | D:8      | Noticed Psyche
 12343 | D:8      | Killed Psyche
 12359 | D:8      | Slain by Joseph

Illustrated notes

Levels and vault maps discovered:
D:1:      kb_arrival_jail, layout_basic
D:2:      layout_loops_ring
D:3:      layout_rooms, lemuel_round_altar
D:4:      layout_cave_pools, first_ration
D:5:      cheibrodos_helix_gallery, layout_basic, serial_shops, shop,
          kennysheep_mini_moat, kennysheep_little_box,
          nicolae_shop_behind_doors, shop
D:6:      layout_basic, serial_shops, shop
D:7:      layout_basic, minmay_temple_entry_poolview, grunt_ogre_cave,
          grunt_gozag_breadcrumbs, uniq_crazy_yiuf_cottage, uniq_menkaure
D:8:      layout_basic, david_lair_shrubbed, uniq_psyche, uniq_joseph,
          uniq_pikel

Skill      XL: |  1  2  3  4  5  6  7  8  9 |
---------------+----------------------------+-----
Conjurations   | 1 2 3 4 5 7 8 |  8.3
Spellcasting   | 3 4 5 7 8 |  8.1
Fighting       | 1 2 3 4 5 |  5.6
Dodging        | |  1.7
Stealth        | |  1.7
Summonings     | |  0.8
Translocations | |  0.8

Action                   |  1- 3 |  4- 6 |  7- 9 || total
-------------------------+-------+-------+-------++-------
Melee: Unarmed           |     3 |       |       ||     3
       Dagger            |    18 |    75 |    47 ||   140
       Whip              |     1 |       |       ||     1
       Quarterstaff      |       |       |    94 ||    94
 Cast: Magic Dart        |   109 |   103 |   247 ||   459
       Call Imp          |    10 |    21 |    41 ||    72
Evoke: Wand              |       |       |     8 ||     8
  Use: Scroll            |     2 |     7 |     4 ||    13
       Potion            |       |       |     1 ||     1
 Stab: Confused          |       |       |     1 ||     1
       Sleeping          |       |       |     1 ||     1
  Eat: Chunk             |     7 |     9 |    12 ||    28
       Ration            |       |       |     2 ||     2
Armor: Robe              |     6 |     9 |    44 ||    59
Dodge: Dodged            |    35 |    28 |   123 ||   186
Block: Other             |       |    12 |    58 ||    70
       Reflection        |       |       |     8 ||     8

Table legend:
 A = Non-vault XP
 B = Vault XP
 C = Vault XP percentage of total XP
 D = Non-vault monster count
 E = Vault monster count
 F = Vault count percentage of total count
                 A         B        C        D         E       F
            +---------+---------+-------+---------+---------+-------
      Total |    4613 |     721 |  13.5 |     160 |       5 |   3.0
            +---------+---------+-------+---------+---------+-------
        D:1 |      31 |       0 |   0.0 |      17 |       0 |   0.0
        D:2 |      70 |       0 |   0.0 |      19 |       0 |   0.0
        D:3 |     212 |       0 |   0.0 |      21 |       0 |   0.0
        D:4 |     347 |       0 |   0.0 |      22 |       0 |   0.0
        D:5 |     390 |       2 |   0.5 |      13 |       1 |   7.1
        D:6 |     930 |       0 |   0.0 |      18 |       0 |   0.0
        D:7 |    1907 |     301 |  13.6 |      34 |       3 |   8.1
        D:8 |     726 |     418 |  36.5 |      16 |       1 |   5.9
            +---------+---------+-------+---------+---------+-------
